Map: 黄金之柱-天梯版

Players

iGXiGua (XiGua) - Winner!

  • Race: Zerg Zerg

正义的泉水沟 (BreakingGG)

  • Race: Zerg Zerg
  • League: Master

Event: DreamHack SC2 Masters 2020 Summer China

VOD

Have the link to the VOD?

Description

Time

  • Played on: July 1, 2020, 8:23 a.m.
  • Length: 24:39

All games in this series

Show
View Real Time Build Order
Export as new Build Order

iGXiGua Zerg - Winner!

Build Orders: Hatch First 

Get SALT Encoding   

  12  0:01  Drone  
  13  0:13  Overlord  
  13  0:18  Drone  
  14  0:31  Drone x2  
  16  0:50  Hatchery  
  16  0:53  Drone  
  16  0:56  Drone  
  17  1:00  Drone  
  18  1:10  Extractor  
  17  1:16  Spawning Pool  
  16  1:19  Drone  
  16  1:22  Drone  
  18  1:28  Drone  
  19  1:38  Overlord  
  19  1:51  Drone  
  20  2:02  Queen  
  20  2:03  Queen  
  20  2:04  Drone, Zergling x2  
  26  2:11  Metabolic Boost  
  26  2:14  Drone  
  27  2:17  Drone  
  28  2:24  Drone x2  
  30  2:39  Hatchery  
  29  2:47  Queen  
  31  2:53  Overlord  
  31  2:55  Drone  
  32  3:01  Drone x2  
  33  3:07  Drone x2  
  33  3:12  Drone x3  
  38  3:19  Evolution Chamber  
  37  3:21  Drone x2  
  37  3:25  Zergling x4  
  41  3:27  Zergling x2  
  41  3:29  Zergling x2  
  41  3:33  Overlord  
  43  3:38  Overlord  
  43  3:41  Drone  
  43  3:45  Zerg Missile Weapons Level 1  
  44  3:52  Roach Warren  
  43  3:56  Drone  
  43  3:57  Drone x4  
  43  3:58  Extractor  
  46  4:11  Extractor  
  46  4:15  Drone x2  
  46  4:16  Drone x6  
  53  4:19  Lair  
  53  4:23  Drone x2  
  55  4:24  Drone  
  54  4:31  Drone  
  54  4:36  Drone x5  
  60  4:41  Drone  
  60  4:44  Drone  
  60  4:45  Drone x3  
  65  4:47  Overlord, Extractor x2  
  62  4:54  Pneumatized Carapace  
  62  4:57  Overlord x2  
  62  5:03  Overlord  
  62  5:09  Roach x5  
  62  5:12  Roach, Overlord  
  74  5:18  Tunneling Claws  
  74  5:21  Roach x3  
  80  5:25  Roach x2  
  84  5:29  Roach x3  
  90  5:36  Roach x3  
  90  5:38  Overlord  
  96  5:42  Queen  
  96  5:45  Spore Crawler  
  96  5:47  Spore Crawler  
  96  5:51  Zerg Missile Weapons Level 2  
  96  5:54  Spore Crawler  
  95  5:57  Overseer  
  95  6:01  Roach  
  95  6:02  Roach x3  
  103  6:05  Overlord  
  103  6:06  Overlord  
  94  6:28  Drone x5  
  94  6:29  Drone x8  
  94  6:30  Drone  
  107  6:36  Overlord  
  107  6:39  Glial Reconstitution  
  107  6:42  Burrow  
  107  6:45  Roach x2  
  111  6:51  Roach  
  111  6:52  Overlord  
  113  6:58  Overlord  
  113  7:00  Overlord  
  113  7:02  Overlord  
  113  7:04  Roach x2  
  113  7:07  Overlord  
  117  7:09  Ravager x4  
  117  7:13  Overlord  
  117  7:15  Ravager, Overlord  
  122  7:19  Roach x2  
  122  7:20  Ravager x3  
  129  7:29  Roach x4  
  135  7:33  Roach x2  
  131  7:39  Roach x3  
  131  7:40  Roach  
  131  7:43  Roach  
  131  7:44  Roach  
  136  7:50  Roach  
  125  7:52  Queen  
  125  7:55  Roach x3  
  119  8:00  Roach x2  
  119  8:02  Roach  
  107  8:06  Roach x3  
  107  8:10  Roach x2  
  102  8:15  Roach x2  
  102  8:18  Roach x2  
  102  8:22  Roach  
  102  8:23  Roach  
  97  8:27  Roach x3  
  97  8:31  Roach x2  
  94  8:36  Roach  
  94  8:37  Roach  
  94  8:41  Roach  
  96  8:46  Roach x2  
  88  8:48  Queen  
  88  8:49  Roach  
  88  8:54  Roach  
  88  8:57  Roach  
  88  8:58  Roach  
  88  9:04  Zerg Ground Armor Level 1  
  88  9:07  Roach x2  
  92  9:11  Queen  
  92  9:14  Ravager  
  92  9:15  Roach  
  97  9:22  Roach  
  99  9:26  Roach, Ravager  
  99  9:28  Roach  
  104  9:33  Roach  
  104  9:36  Roach  
  108  9:39  Roach  
  108  9:44  Hatchery  
  109  9:47  Roach x2  
  109  9:50  Roach, Queen  
  109  9:52  Ravager x2  
  117  9:57  Overseer  
  117  9:58  Roach x3  
  123  10:00  Overlord  
  123  10:02  Roach  
  123  10:03  Queen  
  123  10:05  Roach  
  127  10:09  Roach  
  127  10:12  Queen  
  131  10:16  Roach x4  
  139  10:22  Roach x2  
  139  10:23  Roach x2  
  147  10:32  Drone x4  
  147  10:34  Hydralisk Den  
  150  10:37  Overlord  
  150  10:47  Roach x4  
  150  10:48  Roach x2  
  160  10:56  Roach x11, Drone x3  
  163  10:57  Drone  
  163  10:59  Spore Crawler  
  163  11:02  Queen  
  162  11:06  Muscular Augments  
  156  11:21  Hydralisk x4  
  156  11:22  Hydralisk x3  
  161  11:33  Drone x7  
  162  11:40  Drone  
  162  11:42  Roach x4  
  162  11:43  Roach  
  165  11:48  Roach x2  
  165  11:52  Overlord  
  163  11:54  Roach x2  
  163  11:57  Roach  
  163  11:58  Hydralisk  
  163  12:00  Overlord  
  163  12:03  Hydralisk  
  163  12:05  Overlord  
  163  12:08  Hydralisk  
  165  12:11  Ravager x2  
  165  12:12  Ravager x3  
  172  12:17  Grooved Spines  
  172  12:18  Roach  
  173  12:23  Roach x2  
  173  12:28  Hydralisk  
  167  12:30  Hydralisk  
  167  12:35  Hydralisk, Extractor  
  170  12:38  Hydralisk  
  170  12:43  Queen x2  
  176  12:46  Hydralisk x2  
  176  12:47  Overlord  
  180  12:52  Hydralisk x2  
  180  12:58  Hydralisk  
  184  13:03  Hydralisk x2  
  184  13:04  Overlord  
  180  13:08  Roach x12  
  182  13:16  Roach x5  
  187  13:20  Roach  
  187  13:21  Roach x2  
  193  13:27  Overlord  
  193  13:28  Overlord  
  193  13:29  Overlord  
  193  13:30  Roach x10  
  193  13:33  Overlord  
  193  13:35  Overlord, Spine Crawler  
  193  13:37  Overlord  
  192  13:42  Overlord  
  192  13:45  Overlord  
  192  13:46  Overlord  
  192  13:48  Roach x4  
  199  13:53  Roach x7  
  199  13:54  Roach  
  199  13:59  Roach x2  
  199  14:00  Zerg Ground Armor Level 2  
  199  14:16  Roach x5  
  200  14:23  Roach x5  
  200  14:30  Roach x2  
  199  14:35  Roach x10  
  199  14:37  Hydralisk x3  
  199  14:42  Hydralisk  
  195  14:46  Hydralisk x2  
  195  14:51  Hydralisk x3  
  177  15:01  Hydralisk x4  
  148  15:13  Roach x5  
  133  15:17  Roach x2  
  130  15:24  Roach x3  
  136  15:29  Roach  
  136  15:30  Roach  
  136  15:32  Roach x3  
  136  15:34  Hydralisk  
  142  15:36  Roach x6  
  142  15:38  Hydralisk x2  
  140  15:44  Hydralisk  
  142  15:53  Roach x4  
  150  15:57  Roach x2  
  148  16:05  Hydralisk x3  
  154  16:14  Hydralisk x3  
  138  16:21  Hydralisk x2  
  138  16:25  Hydralisk x2  
  116  16:31  Roach x5  
  116  16:32  Hydralisk x2  
  112  16:39  Hydralisk x2  
  112  16:51  Hydralisk x4  
  112  16:56  Hydralisk  
  112  16:58  Hydralisk  
  100  17:02  Roach x2  
  100  17:08  Roach x2  
  104  17:13  Roach x2  
  108  17:20  Roach x3  
  114  17:25  Roach x2  
  114  17:29  Roach  
  120  17:33  Roach x2  
  124  17:38  Roach x2  
  124  17:41  Roach  
  130  17:49  Roach x4  
  138  17:55  Roach  
  138  17:56  Roach x2  
  144  18:02  Roach x2  
  148  18:06  Hydralisk x2  
  154  18:12  Roach  
  154  18:16  Roach x2  
  154  18:18  Ravager x2  
  154  18:19  Ravager  
  159  18:20  Roach x3  
  159  18:23  Roach x3  
  159  18:26  Roach  
  159  18:27  Roach x2  
  169  18:31  Roach x2  
  173  18:39  Roach x3  
  175  18:44  Roach  
  175  18:47  Extractor  
  171  18:51  Overlord  
  171  19:01  Roach x37  
  175  19:10  Roach x5  
  175  19:11  Roach  
  181  19:20  Hatchery  
  181  19:21  Roach x3  
  184  19:26  Roach x2  
  188  19:32  Roach  
  190  19:40  Roach, Extractor  
  191  19:52  Roach  
  191  19:53  Roach  
  191  19:58  Extractor  
  182  20:04  Roach x2  
  174  20:09  Extractor  
  149  20:26  Roach x2  
  145  20:36  Roach  
  147  20:45  Roach x2  
  147  20:49  Roach  
  153  20:53  Roach x10  
  153  20:54  Roach, Extractor  
  154  20:59  Roach x2  
  158  21:05  Roach x2  
  158  21:10  Roach x2  
  166  21:14  Roach  
  168  21:18  Extractor  
  168  21:21  Roach x2  
  171  21:27  Roach x3  
  177  21:36  Roach x4  
  185  21:43  Queen  
  185  21:44  Roach x4  
  185  21:46  Hatchery  
  188  21:53  Roach x3  
  194  22:00  Roach x3  
  182  22:09  Roach x5  
  182  22:12  Roach  
  182  22:13  Roach  
  180  22:16  Roach x9  
  180  22:17  Roach x2  
  180  22:19  Queen  
  186  22:30  Roach x4  
  186  22:31  Roach x3  
  196  22:40  Roach  
  196  22:41  Roach  
  184  22:52  Roach x5  
  189  23:01  Roach x2  
  193  23:11  Roach x2  
  172  23:16  Roach x2  
  127  23:34  Roach x2  
  127  23:39  Roach  
  123  23:48  Roach  
Show
View Real Time Build Order
Export as new Build Order

正义的泉水沟 Zerg 

Build Orders: Hatch First 

Get SALT Encoding   

  12  0:01  Drone  
  13  0:07  Drone  
  14  0:17  Overlord  
  14  0:23  Drone, Extractor  
  15  0:35  Drone  
  16  0:49  Hatchery  
  15  0:53  Drone  
  15  0:57  Drone  
  17  1:00  Drone  
  18  1:10  Extractor  
  17  1:16  Spawning Pool  
  16  1:19  Drone  
  16  1:22  Drone  
  18  1:29  Drone  
  19  1:37  Drone  
  20  1:48  Drone  
  22  2:01  Drone  
  22  2:03  Queen x2  
  26  2:09  Drone, Overlord  
  27  2:16  Drone  
  28  2:28  Drone x2  
  30  2:31  Drone  
  30  2:34  Drone  
  32  2:38  Queen  
  32  2:44  Overlord  
  34  2:49  Evolution Chamber  
  34  2:51  Lair  
  33  2:55  Drone  
  33  2:56  Drone x2  
  36  3:03  Drone  
  37  3:10  Drone x4  
  37  3:12  Drone x2  
  43  3:16  Overlord  
  43  3:20  Overlord  
  43  3:26  Extractor  
  42  3:27  Extractor  
  42  3:29  Overlord  
  42  3:30  Roach Warren  
  42  3:32  Zerg Missile Weapons Level 1  
  40  3:36  Drone  
  40  3:40  Drone  
  42  3:47  Drone x4  
  46  3:55  Drone  
  47  3:57  Spire  
  47  3:59  Drone x3  
  47  4:00  Drone  
  50  4:04  Extractor  
  49  4:13  Roach x2  
  49  4:14  Roach  
  55  4:17  Overlord  
  55  4:23  Roach, Overlord  
  57  4:24  Drone  
  56  4:33  Overlord  
  56  4:44  Overlord  
  57  4:45  Drone  
  57  4:47  Roach  
  57  4:49  Roach  
  57  4:51  Hatchery  
  60  5:02  Drone x2  
  60  5:04  Drone  
  63  5:10  Mutalisk  
  63  5:11  Mutalisk x3  
  63  5:13  Mutalisk  
  73  5:17  Drone x3  
  73  5:21  Queen  
  78  5:26  Glial Reconstitution  
  78  5:27  Drone  
  78  5:28  Drone  
  80  5:32  Overlord  
  80  5:35  Overlord  
  80  5:38  Roach  
  80  5:40  Roach  
  84  5:44  Roach x2  
  84  5:47  Overlord  
  88  5:51  Overlord  
  88  5:55  Roach  
  90  6:02  Roach  
  90  6:03  Roach x2  
  96  6:07  Roach x2  
  100  6:18  Roach x5  
  110  6:29  Roach x2  
  110  6:30  Roach x4  
  110  6:32  Overlord  
  122  6:35  Overlord  
  122  6:38  Overlord  
  122  6:40  Overseer  
  122  6:44  Overlord  
  122  6:47  Spine Crawler  
  122  6:50  Roach x3  
  122  6:53  Overlord  
  127  6:56  Ravager  
  127  6:57  Ravager x4  
  127  7:00  Roach  
  134  7:04  Roach  
  134  7:05  Roach  
  138  7:10  Roach  
  138  7:11  Roach x2  
  138  7:14  Roach  
  146  7:18  Roach x2  
  146  7:21  Overlord  
  146  7:22  Drone  
  151  7:26  Roach x3  
  145  7:38  Roach x5  
  149  7:49  Roach x5  
  145  7:53  Roach x2  
  145  7:54  Roach  
  132  7:59  Roach  
  132  8:00  Roach  
  132  8:04  Roach x2  
  132  8:11  Roach x3  
  126  8:15  Roach x2  
  120  8:22  Roach  
  120  8:23  Roach x2  
  120  8:25  Roach  
  121  8:27  Roach  
  121  8:28  Drone  
  118  8:36  Roach  
  118  8:37  Roach x2  
  113  8:43  Roach x4  
  113  8:44  Drone  
  113  8:45  Drone  
  112  8:51  Roach  
  112  8:52  Roach  
  108  8:55  Roach  
  108  8:56  Roach  
  108  9:01  Roach x2  
  106  9:05  Drone  
  106  9:06  Drone x3  
  108  9:10  Extractor x2  
  108  9:16  Drone  
  108  9:24  Drone x2  
  108  9:28  Hatchery, Mutalisk x3  
  114  9:36  Zerg Flyer Weapons Level 1  
  114  9:40  Mutalisk  
  114  9:43  Drone  
  114  9:44  Drone  
  118  9:45  Extractor  
  118  9:48  Mutalisk  
  118  9:51  Drone x3  
  122  9:53  Drone  
  122  9:54  Overlord  
  122  9:56  Drone x3  
  122  9:57  Mutalisk  
  130  10:00  Roach x3  
  130  10:05  Extractor  
  133  10:08  Overlord  
  131  10:24  Mutalisk x4  
  131  10:26  Overseer  
  139  10:28  Drone  
  139  10:30  Roach x2  
  139  10:31  Roach x2  
  139  10:32  Overlord  
  148  10:40  Mutalisk  
  150  10:44  Overlord  
  150  10:46  Mutalisk, Drone x3  
  150  10:48  Overlord  
  150  10:49  Drone  
  156  10:51  Spine Crawler  
  156  10:54  Mutalisk x2  
  156  10:57  Roach x2, Zergling x4  
  165  11:06  Pneumatized Carapace  
  165  11:11  Drone, Overlord  
  166  11:12  Roach  
  166  11:13  Roach x3  
  174  11:25  Drone x3  
  171  11:32  Mutalisk x5  
  171  11:39  Roach x4  
  180  11:40  Roach x2  
  180  11:48  Hatchery  
  179  11:59  Overlord  
  179  12:01  Zerg Missile Weapons Level 2  
  179  12:04  Mutalisk x3  
  179  12:07  Drone x2  
  187  12:09  Overlord  
  187  12:12  Roach  
  187  12:14  Ravager  
  187  12:15  Ravager  
  191  12:17  Roach, Overlord  
  181  12:33  Roach x6  
  193  12:38  Zerg Flyer Weapons Level 2  
  193  12:40  Ravager  
  194  12:47  Roach  
  194  12:48  Roach x2  
  200  12:52  Overseer  
  192  13:10  Mutalisk x4  
  198  13:19  Drone  
  199  13:20  Drone  
  200  13:30  Hatchery  
  199  13:37  Infestation Pit  
  199  13:38  Roach  
  200  14:06  Hatchery  
  172  14:24  Roach x4  
  172  14:25  Roach x6  
  172  14:28  Drone x3  
  172  14:29  Drone x3  
  190  14:35  Roach x7  
  200  14:47  Hive  
  159  15:06  Mutalisk  
  130  15:07  Mutalisk x11  
  134  15:33  Zerg Flyer Armor Level 1  
  134  15:39  Mutalisk x5  
  134  15:40  Mutalisk x2  
  149  15:42  Drone  
  149  15:43  Drone, Spine Crawler  
  149  15:44  Drone x2  
  149  15:46  Roach, Spine Crawler  
  149  15:47  Roach  
  154  15:57  Roach x5  
  148  16:15  Roach x8  
  132  16:30  Roach  
  132  16:31  Roach x3  
  140  16:37  Hatchery  
  139  16:42  Roach x5  
  123  17:03  Drone  
  123  17:04  Drone x2  
  123  17:05  Drone  
  125  17:17  Viper  
  125  17:21  Ravager x2  
  125  17:22  Ravager x2  
  132  17:24  Roach  
  132  17:26  Drone  
  132  17:27  Drone x2  
  139  17:30  Roach x3  
  139  17:33  Spore Crawler  
  139  17:36  Overseer  
  142  17:42  Ravager  
  143  17:45  Roach x2  
  147  17:54  Roach x3  
  153  18:00  Roach  
  153  18:01  Roach  
  153  18:04  Spine Crawler  
  156  18:09  Drone x3  
  159  18:13  Spine Crawler  
  159  18:16  Ravager  
  159  18:19  Drone  
  160  18:20  Drone  
  161  18:45  Roach  
  161  18:46  Roach x2  
  167  18:50  Roach x6  
  167  18:51  Roach  
  167  18:52  Ravager  
  167  18:54  Hatchery  
  178  18:57  Drone  
  178  18:59  Drone  
  181  19:02  Ravager  
  181  19:09  Overlord  
  181  19:10  Overlord  
  175  19:26  Overlord  
  175  19:27  Drone x3  
  175  19:28  Roach x2  
  175  19:29  Ravager  
  183  19:39  Roach  
  183  19:40  Roach x5  
  190  20:02  Roach  
  190  20:03  Roach x6  
  173  20:11  Roach  
  171  20:17  Drone  
  171  20:20  Overseer  
  160  20:22  Roach  
  149  20:39  Roach x3  
  149  20:41  Extractor  
  154  20:43  Extractor  
  154  20:44  Spine Crawler  
  154  20:45  Spore Crawler  
  154  20:46  Extractor  
  154  20:47  Roach x2  
  154  20:53  Roach  
  156  20:59  Roach  
  158  21:06  Spine Crawler  
  158  21:07  Roach  
  159  21:11  Drone  
  159  21:13  Spine Crawler  
  159  21:14  Roach x3  
  159  21:15  Extractor  
  159  21:16  Roach  
  166  21:22  Roach  
  166  21:23  Roach x2  
  168  21:33  Roach x3  
  168  21:34  Roach  
  160  21:57  Roach  
  160  21:58  Roach x9  
  160  22:01  Roach  
  172  22:13  Roach  
  172  22:14  Roach x5  
  176  22:22  Roach x3  
  180  22:32  Roach x4  
  186  22:38  Roach  
  148  23:15  Roach x8  
  148  23:19  Roach  
  151  23:20  Roach  
  136  23:27  Roach x2  
  114  23:39  Roach x3  
  80  24:01  Ravager  
Tags
 
Add a new tag
Caveats
  • Supply blocks, unpowered buildings, or Contaminate may cause inaccurate times.
  • Supply counts are checked every 10 seconds.